 Dungeon Crawl Stone Soup version 0.26.0-45-g9c1d065592 (webtiles) character file.

Game seed: 18325239769242701928

70 thiole the Sneak (level 4, -2/27 HPs)
             Began as an Octopode Hedge Wizard on Jan 27, 2021.
             Splashed by Ijyb's acid (12 damage)
             ... on level 3 of the Dungeon.
             The game lasted 00:04:42 (2692 turns).

thiole the Sneak (Octopode Hedge Wizard)            Turns: 2692, Time: 00:04:43

Health: -2/27      AC:  1    Str:  9    XL:     4   Next: 22%
Magic:  9/9        EV: 13    Int: 17    God:
Gold:   163        SH:  0    Dex: 11    Spells: 1/9 levels left

rFire    + . .     SeeInvis .   a - +0 dagger
rCold    . . .     Faith    .   (no shield)
rNeg     . . .     Spirit   .   b - +0 hat
rPois    .         Reflect  .   (no amulet)
rElec    .         Harm     .   c - ring of protection from fire
rCorr    .         Rampage  .   (no ring)
Will     .....                  (no ring)
Stlth    +++.......             (no ring)
HPRegen  0.09/turn              (no ring)
MPRegen  0.11/turn              (no ring)
                                (no ring)
                                (no ring)

@: no status effects
A: almost no armour, stealthy swim, amphibious, 8 rings, constrict 8, camouflage
1, gelatinous body 1
a: no special abilities


You were on level 3 of the Dungeon.
You visited 1 branch of the dungeon, and saw 3 of its levels.

You collected 163 gold pieces.

Inventory:

Hand Weapons
 a - a +0 dagger (weapon)
Missiles
 j - 58 stones
Armour
 b - a +0 hat (worn)
Magical Staves
 n - an uncursed staff of conjuration
Jewellery
 c - a ring of protection from fire (left tentacle)
Scrolls
 d - 2 scrolls of amnesia
 g - a scroll of noise {unknown}
 i - a scroll of identify
Potions
 h - 2 potions of berserk rage
 l - 3 potions of degeneration {unknown}


   Skills:
 - Level 2.0 Dodging
 + Level 3.5 Stealth
 + Level 3.3 Spellcasting
 - Level 2.0 Conjurations
 - Level 2.0 Summonings
 - Level 1.0 Translocations
 + Level 0.9 Air Magic
 + Level 1.0 Poison Magic


You had one spell level left.
You knew the following spells:

 Your Spells              Type           Power        Failure   Level
a - Magic Dart            Conj           36%          8%          1
b - Call Imp              Summ           9%           11%         2
c - Blink                 Tloc           N/A          17%         2
d - Mephitic Cloud        Conj/Pois/Air  7%           30%         3

Your spell library contained the following spells:

 Spells                   Type           Power        Failure   Level
 Slow                     Hex            2%           26%         2
 Conjure Flame            Conj/Fire      6%           32%         3


Dungeon Overview and Level Annotations

Branches:
Dungeon (3/15)

Altars:
Ashenzari

Annotations:
D:3 Ijyb


Innate Abilities, Weirdness & Mutations

You cannot wear most types of armour.
You are very stealthy in the water. (Stealth+)
You are amphibious.
You can wear up to eight rings at the same time.
You can use your tentacles to constrict eight enemies at once.
Your skin changes colour to match your surroundings (Stealth+).
Your rubbery body absorbs attacks. (AC +1, EV +1)


Message History

As you read the scroll labelled XYETHIMOWK, it crumbles to dust.
The scroll dissolves into smoke.
It was a scroll of fog.
Blink to where?
Press: ? - help, Dir - move target
As you read the scroll labelled DEMEMPEQEV, it crumbles to dust.
It was a scroll of blinking.
As you read the scroll labelled QEJOYT RUCZI, it crumbles to dust.
You feel as if something is helping you.
It was a scroll of remove curse.
You are now empty-tentacled.
You drop a -2 short sword.
a - a +0 dagger (weapon)
You see here a rat corpse.
Ijyb barely misses you.
You hit Ijyb but do no damage. Your grab misses Ijyb.
Ijyb hits you with a +0 club.
You hit Ijyb. Your grab misses Ijyb.
Ijyb is lightly wounded.
Ijyb zaps a wand.
The bolt of acid hits you!
You are splashed with acid!
You die...

#.#.####...##
............#
............#
........<...# ##
.....####..## ..
[....# #..# .#
.....####..# .#
...........# ###.#
.....#####.####.@g#
................###
..........†######
.#########.#
.#########§########
.....§§§.§§§§...)..
##########§########
..........§#
############


You could see Ijyb.

Vanquished Creatures
  An adder (D:2)
  A dart slug (D:1)
  2 leopard geckos
  7 bats
  3 giant cockroaches
  5 goblins
  7 hobgoblins
  4 jackals (D:1)
  2 ball pythons
  4 frilled lizards (D:1)
  3 kobolds
  3 rats
42 creatures vanquished.

Vanquished Creatures (collateral kills)
  An adder (D:2)
  A worm (D:2)
  A bat (D:2)
  A giant cockroach (D:2)
  A rat (D:2)
5 creatures vanquished.

Grand Total: 47 creatures vanquished

Notes
Turn   | Place    | Note
-------+----------+-------------------------------------------
     0 | D:1      | thiole the Octopode Hedge Wizard began the quest for the
                  | Orb.
     0 | D:1      | Reached XP level 1. HP: 11/11 MP: 4/4
   439 | D:1      | Reached XP level 2. HP: 17/17 MP: 1/6
   899 | D:1      | Found a broken altar of Ashenzari.
   938 | D:1      | Reached XP level 3. HP: 10/21 MP: 1/7
  1169 | D:1      | Learned a level 2 spell: Call Imp
  1172 | D:1      | Learned a level 2 spell: Blink
  1176 | D:1      | Learned a level 3 spell: Mephitic Cloud
  1938 | D:2      | Reached XP level 4. HP: 25/27 MP: 0/8
  2380 | D:2      | Found a faded altar of an unknown god.
  2489 | D:2      | Reached skill level 1 in Poison Magic
  2662 | D:3      | Noticed Ijyb
  2692 | D:3      | Splashed by Ijyb's acid

Illustrated notes

Levels and vault maps discovered:
D:1:      dpeg_arrival_pits, layout_loops_ring, evilmike_ruin_ashenzari
D:2:      layout_rooms, chequers_ecumenical_altar_lobes, minmay_pentomino_t4
D:3:      layout_loops_ring, grunt_dithmenos_smoke_and_mirrors,
          gammafunk_ghost_cemetery, palyth_stone_intersect,
          minmay_misc_feat_plants, uniq_ijyb, uniq_terence,
          uniq_crazy_yiuf_cottage, uniq_natasha

Skill      XL: |  1  2  3  4 |
---------------+-------------+-----
Stealth        | 3 |  3.5
Summonings     | 2 |  2.0
Conjurations   | 2 |  2.0
Poison Magic   | 1 |  1.0
Dodging        | |  2.0
Spellcasting   | |  3.3
Translocations | |  1.0
Air Magic      | |  0.9

Action                   |  1- 3 |  4- 6 || total
-------------------------+-------+-------++-------
Melee: Dagger            |    44 |     2 ||    46
       Constrict         |    13 |       ||    13
       Tentacles         |     6 |       ||     6
       Staff             |       |     1 ||     1
 Cast: Magic Dart        |    72 |    16 ||    88
       Call Imp          |     3 |       ||     3
  Use: Scroll            |       |     5 ||     5
Armor: Skin              |     5 |       ||     5
Dodge: Dodged            |    33 |     1 ||    34
